[Event "la-Grande 2014"]
[Site "Cappelle-la-Grande (FRA)"]
[Date "2014.03.01"]
[Round "1.1"]
[White "Vul, Arkadi Eremeevich"]
[Black "Ding, Liren"]
[Result "0-1"]
[WhiteElo "2346"]
[BlackElo "2717"]
[PlyCount "68"]
[EventDate "2014.03.01"]
[EventType "team-tourn"]
[EventCountry "FRA"]
[TimeControl "6000+1025"]
[WhiteClock "0:00:33"]
[BlackClock "0:46:37"]

1. Nf3 Nf6 2. c4 g6 3. g3 Bg7 4. d4 O-O 5. Bg2 d6 6. O-O Nc6 7. Nc3 a6 8. h3
Rb8 9. e4 b5 10. e5 dxe5 11. dxe5 Nd7 12. e6 fxe6 13. cxb5 axb5 14. Ng5 Nd4 15.
Be3 Nb6 16. Bxd4 Qxd4 17. Qxd4 Bxd4 18. Nxb5 Bxb2 19. Rab1 Nc4 20. a4 h6 21.
Ne4 Bb7 22. Rfd1 Bd5 23. Nd2 Be5 24. Nxc4 Bxc4 25. Rbc1 Bxb5 26. axb5 Rxb5 27.
h4 Rb2 28. f4 Bd6 29. Re1 g5 30. hxg5 hxg5 31. Rxe6 gxf4 32. Bd5 Kg7 33. Rc4
Rf5 34. Be4 Rg5 0-1

[Event "la-Grande 2014"]
[Site "Cappelle-la-Grande (FRA)"]
[Date "2014.03.01"]
[Round "1.2"]
[White "Iturrizaga, Eduardo"]
[Black "Hoolt, Sarah"]
[Result "1-0"]
[WhiteElo "2645"]
[BlackElo "2345"]
[PlyCount "49"]
[EventDate "2014.03.01"]
[EventType "team-tourn"]
[EventCountry "FRA"]
[TimeControl "6000+1275"]
[WhiteClock "1:08:00"]
[BlackClock "0:15:20"]

1. Nf3 Nf6 2. c4 e6 3. Nc3 d5 4. d4 c6 5. Bg5 h6 6. Bh4 g5 7. Bg3 dxc4 8. h4 g4
9. Ne5 b5 10. e3 h5 11. Be2 Bb7 12. f3 Bh6 13. fxg4 hxg4 14. Bxg4 Bxe3 15. Qf3
Bh6 16. Rf1 Bg7 17. Ne4 Qa5+ 18. Ke2 Nxe4 19. Qxf7+ Kd8 20. Qxg7 Nxg3+ 21. Ke3
Nxf1+ 22. Rxf1 Qxa2 23. Rf7 Qb3+ 24. Kf4 Re8 25. Qf6+ 1-0

[Event "la-Grande 2014"]
[Site "Cappelle-la-Grande (FRA)"]
[Date "2014.03.01"]
[Round "1.3"]
[White "Favarel, Antoine"]
[Black "Negi, Parimarjan"]
[Result "0-1"]
[WhiteElo "2345"]
[BlackElo "2638"]
[PlyCount "70"]
[EventDate "2014.03.01"]
[EventType "team-tourn"]
[EventCountry "FRA"]
[TimeControl "6000+940"]
[WhiteClock "0:00:33"]
[BlackClock "0:20:33"]

1. d4 Nf6 2. c4 g6 3. Nc3 d5 4. Nf3 Bg7 5. cxd5 Nxd5 6. e3 O-O 7. Bc4 Nxc3 8.
bxc3 c5 9. O-O b6 10. Qe2 Bb7 11. Ba3 Qc7 12. Rac1 Nc6 13. Rfd1 Na5 14. Bb5
Rfd8 15. h3 e6 16. Nd2 a6 17. Ba4 Bf8 18. Bb2 e5 19. Nf3 b5 20. Bb3 e4 21. Nd2
c4 22. Bc2 Re8 23. a4 Bd5 24. axb5 axb5 25. Ra1 b4 26. Ba4 Rec8 27. Bc2 f5 28.
cxb4 c3 29. Rxa5 Rxa5 30. bxa5 cxb2 31. Qb5 Qxc2 32. Qxd5+ Kh8 33. Rf1 Qxd2 34.
a6 Qd3 35. Qe5+ Bg7 0-1

[Event "la-Grande 2014"]
[Site "Cappelle-la-Grande (FRA)"]
[Date "2014.03.01"]
[Round "1.4"]
[White "Gupta, Abhijeet"]
[Black "Soltanici, Ruslan"]
[Result "1-0"]
[WhiteElo "2630"]
[BlackElo "2344"]
[PlyCount "81"]
[EventDate "2014.03.01"]
[EventType "team-tourn"]
[EventCountry "FRA"]
[TimeControl "6000+1120"]
[WhiteClock "0:46:52"]
[BlackClock "0:33:04"]

1. d4 Nf6 2. c4 e6 3. Nf3 Nc6 4. g3 Bb4+ 5. Bd2 Qe7 6. Nc3 O-O 7. Bg2 Na5 8. b3
b6 9. O-O Bb7 10. d5 c6 11. dxe6 dxe6 12. Qc2 h6 13. e4 c5 14. e5 Nd7 15. a3
Bxc3 16. Bxc3 Nc6 17. Qb2 a6 18. Rad1 b5 19. Rd6 b4 20. axb4 cxb4 21. Bd4 Rac8
22. Rd1 Nxd4 23. Qxd4 Nc5 24. Qe3 a5 25. R1d4 Bxf3 26. Bxf3 Qg5 27. Rf4 f6 28.
exf6 Rxf6 29. h4 Qg6 30. Rxf6 Qxf6 31. Bg4 Kh8 32. Bxe6 Nxe6 33. Rxe6 Qf5 34.
Re5 Qb1+ 35. Kg2 Qa1 36. c5 Qc3 37. Re8+ Rxe8 38. Qxe8+ Kh7 39. Qe4+ Kh8 40. c6
a4 41. Qc4 1-0

[Event "la-Grande 2014"]
[Site "Cappelle-la-Grande (FRA)"]
[Date "2014.03.01"]
[Round "1.5"]
[White "Nasuta, Grzegorz"]
[Black "Sumets, Andrey"]
[Result "0-1"]
[WhiteElo "2344"]
[BlackElo "2628"]
[PlyCount "42"]
[EventDate "2014.03.01"]
[EventType "team-tourn"]
[EventCountry "FRA"]
[TimeControl "6000+2495"]
[WhiteClock "0:01:20"]
[BlackClock "0:07:49"]

1. e4 e6 2. d4 d5 3. Nc3 Nf6 4. e5 Nfd7 5. f4 c5 6. Nf3 Nc6 7. Be3 Qb6 8. Na4
Qa5+ 9. c3 b6 10. Qc2 cxd4 11. Bd2 d3 12. Bxd3 b5 13. Bxh7 bxa4 14. Ng5 Be7 15.
Nxf7 Kxf7 16. Qg6+ Kf8 17. O-O Qd8 18. Rf3 Bc5+ 19. Kh1 Ne7 20. Qd3 Nb6 21.
Raf1 Ba6 0-1

[Event "la-Grande 2014"]
[Site "Cappelle-la-Grande (FRA)"]
[Date "2014.03.01"]
[Round "1.6"]
[White "Ganguly, Surya Shekhar"]
[Black "Tate, Alan"]
[Result "1-0"]
[WhiteElo "2623"]
[BlackElo "2342"]
[PlyCount "83"]
[EventDate "2014.03.01"]
[EventType "team-tourn"]
[EventCountry "FRA"]
[TimeControl "6000+1295"]
[WhiteClock "0:28:30"]
[BlackClock "0:27:08"]

1. d4 Nf6 2. c4 g6 3. Nc3 d5 4. cxd5 Nxd5 5. e4 Nxc3 6. bxc3 Bg7 7. Bc4 c5 8.
Ne2 Nc6 9. Be3 O-O 10. O-O Qc7 11. Rc1 b6 12. Ng3 Bb7 13. d5 Rad8 14. Qc2 Ne5
15. Be2 c4 16. f4 Nd7 17. Rcd1 Nc5 18. Bxc4 e6 19. dxe6 Nxe6 20. Bd5 Bxd5 21.
exd5 Nc5 22. f5 Be5 23. Bg5 Rd7 24. Bh4 Qb7 25. Qd2 f6 26. fxg6 hxg6 27. Qh6 g5
28. Nh5 gxh4 29. Rd4 Bxd4+ 30. cxd4 Na6 31. Nxf6+ Rxf6 32. Rxf6 Rg7 33. Qh5 Qc8
34. h3 Qc1+ 35. Kh2 Qg5 36. Qe8+ Kh7 37. Qe4+ Kg8 38. Rc6 Nc7 39. d6 Nb5 40.
Rc8+ Kf7 41. d7 Rg8 42. Qe8+ 1-0

[Event "la-Grande 2014"]
[Site "Cappelle-la-Grande (FRA)"]
[Date "2014.03.01"]
[Round "1.7"]
[White "Massoni, Michael"]
[Black "Danin, Alexandre"]
[Result "0-1"]
[WhiteElo "2341"]
[BlackElo "2606"]
[PlyCount "44"]
[EventDate "2014.03.01"]
[EventType "team-tourn"]
[EventCountry "FRA"]
[TimeControl "6000+985"]
[WhiteClock "0:24:56"]
[BlackClock "1:03:22"]

1. e4 e6 2. Nf3 d5 3. Nc3 Nf6 4. e5 Nfd7 5. d4 c5 6. dxc5 Nc6 7. Bf4 Bxc5 8.
Bd3 f6 9. exf6 Nxf6 10. Qe2 O-O 11. O-O-O Qa5 12. Kb1 Bd7 13. Ne5 Rae8 14. g4
Bd4 15. g5 Nxe5 16. Bxe5 Bxe5 17. Qxe5 Ng4 18. Qg3 Nxf2 19. Qh4 g6 20. Bxg6
hxg6 21. Qh6 Re7 22. Rhf1 Be8 0-1

[Event "la-Grande 2014"]
[Site "Cappelle-la-Grande (FRA)"]
[Date "2014.03.01"]
[Round "1.8"]
[White "Vovk, Andrey"]
[Black "Calistri, Tristan"]
[Result "1-0"]
[WhiteElo "2605"]
[BlackElo "2339"]
[PlyCount "59"]
[EventDate "2014.03.01"]
[EventType "team-tourn"]
[EventCountry "FRA"]
[TimeControl "6000+1685"]
[WhiteClock "0:02:57"]
[BlackClock "0:01:05"]

1. e4 c5 2. Nf3 e6 3. d4 cxd4 4. Nxd4 a6 5. Nc3 Qc7 6. f4 b5 7. a3 Bb7 8. Bd3
d6 9. Qe2 Nd7 10. Bd2 Ngf6 11. g4 Nb6 12. O-O-O O-O-O 13. Be3 Nfd7 14. Nb3 Nc4
15. Bxc4 bxc4 16. Nd4 Nf6 17. Qg2 d5 18. e5 Ne4 19. Nxe4 dxe4 20. Ne2 Be7 21.
Qf2 Rxd1+ 22. Rxd1 Rd8 23. Re1 c3 24. Nxc3 Bxa3 25. Kb1 Qc4 26. Qe2 Qb4 27. Bc1
Qd4 28. Rd1 Qc5 29. Rxd8+ Kxd8 30. Qd2+ 1-0

[Event "la-Grande 2014"]
[Site "Cappelle-la-Grande (FRA)"]
[Date "2014.03.01"]
[Round "1.9"]
[White "Berkovich, Mark A"]
[Black "Azarov, Sergei"]
[Result "1/2-1/2"]
[WhiteElo "2334"]
[BlackElo "2603"]
[PlyCount "61"]
[EventDate "2014.03.01"]
[EventType "team-tourn"]
[EventCountry "FRA"]
[TimeControl "6000+1075"]
[WhiteClock "0:08:24"]
[BlackClock "0:05:32"]

1. Nf3 d5 2. g3 c6 3. Bg2 Bg4 4. c4 e6 5. O-O Bd6 6. cxd5 exd5 7. d3 Ne7 8. Nc3
O-O 9. h3 Bh5 10. e4 dxe4 11. dxe4 Qc7 12. Qc2 Nd7 13. Be3 Rad8 14. Nd4 Ne5 15.
b3 Rd7 16. g4 Bg6 17. f4 Bc5 18. Nce2 Nd5 19. Qxc5 Nxe3 20. Qxe5 Qxe5 21. fxe5
Nxf1 22. Kxf1 Re8 23. e6 fxe6 24. Ke1 e5 25. Nf5 Red8 26. Rc1 Bf7 27. Rc5 Rd1+
28. Kf2 Re8 29. Ke3 Kf8 30. Bf3 g6 31. Nh6 1/2-1/2

[Event "la-Grande 2014"]
[Site "Cappelle-la-Grande (FRA)"]
[Date "2014.03.01"]
[Round "1.10"]
[White "Kravtsiv, Martyn"]
[Black "Jessel, Stephen"]
[Result "1-0"]
[WhiteElo "2601"]
[BlackElo "2334"]
[PlyCount "51"]
[EventDate "2014.03.01"]
[EventType "team-tourn"]
[EventCountry "FRA"]
[TimeControl "6000+1295"]
[WhiteClock "0:39:55"]
[BlackClock "0:00:34"]

1. e4 e6 2. d4 d5 3. e5 c5 4. c3 Nc6 5. Nf3 Qb6 6. a3 a5 7. Bd3 Nh6 8. O-O cxd4
9. cxd4 Nf5 10. Bxf5 exf5 11. Nc3 Be6 12. Na4 Qb5 13. Be3 Be7 14. Rc1 h6 15.
Ne1 O-O 16. Nd3 Rfe8 17. Re1 Bf8 18. Rc3 Nb4 19. Ndc5 b6 20. Nxe6 fxe6 21. Qb3
Reb8 22. Ra1 Ra7 23. axb4 axb4 24. Rcc1 Rba8 25. Nc3 Qd3 26. Rxa7 1-0

[Event "la-Grande 2014"]
[Site "Cappelle-la-Grande (FRA)"]
[Date "2014.03.01"]
[Round "1.11"]
[White "Kostiuk, Tatiana"]
[Black "Fier, Alexandr"]
[Result "0-1"]
[WhiteElo "2333"]
[BlackElo "2595"]
[PlyCount "80"]
[EventDate "2014.03.01"]
[EventType "team-tourn"]
[EventCountry "FRA"]
[TimeControl "6000+895"]
[WhiteClock "0:30:36"]
[BlackClock "1:36:29"]

1. d4 Nf6 2. Nf3 e6 3. g3 c5 4. Bg2 cxd4 5. Nxd4 a6 6. O-O Qc7 7. b3 d5 8. Bb2
e5 9. Nf3 Nc6 10. Nbd2 Be7 11. e3 Bg4 12. h3 Bh5 13. g4 Bg6 14. c4 Bd3 15. Re1
e4 16. cxd5 exf3 17. Nxf3 Nb4 18. a3 Bc2 19. Rc1 Bxd1 20. Rxc7 Bxf3 21. Bxf3
Nd3 22. Bxf6 Bd6 23. Rd1 Bxc7 24. Bxg7 Rg8 25. Bf6 Be5 26. Bh4 Nc5 27. b4 Nd7
28. d6 Rb8 29. Be4 h5 30. f3 hxg4 31. hxg4 Rh8 32. Be7 Bf6 33. Bxf6 Nxf6 34.
Bf5 Nd7 35. Rc1 Rh6 36. Rd1 Ne5 37. f4 Nxg4 38. d7+ Ke7 39. Rd4 Nxe3 40. Re4+
Kf6 0-1

[Event "la-Grande 2014"]
[Site "Cappelle-la-Grande (FRA)"]
[Date "2014.03.01"]
[Round "1.12"]
[White "Vorobiov, Evgeny E"]
[Black "Doluhanova, Evgeniya"]
[Result "1-0"]
[WhiteElo "2590"]
[BlackElo "2331"]
[PlyCount "63"]
[EventDate "2014.03.01"]
[EventType "team-tourn"]
[EventCountry "FRA"]
[TimeControl "6000+1945"]
[WhiteClock "0:33:40"]
[BlackClock "0:00:51"]

1. d4 Nf6 2. c4 e6 3. Nf3 d5 4. Nc3 Be7 5. Bf4 O-O 6. e3 b6 7. cxd5 Nxd5 8.
Nxd5 Qxd5 9. Bd3 Bb4+ 10. Ke2 f5 11. Bxc7 Na6 12. Be5 Be7 13. Qb3 Qxb3 14. axb3
Nb4 15. Bc4 Bd7 16. Rhc1 Rfc8 17. Kd2 b5 18. Be2 Bc6 19. Ne1 a6 20. Bf3 Nd5 21.
Nd3 g5 22. h3 Kf7 23. Nc5 Bxc5 24. Rxc5 Ke7 25. Rac1 Kd7 26. g4 fxg4 27. Bxg4
Nb4 28. f3 a5 29. e4 h5 30. Bxh5 Na6 31. R5c3 b4 32. Rc4 1-0

[Event "Open International de Cappelle-la-Grand"]
[Site "Cappelle-la-Grande"]
[Date "2014.03.02"]
[Round "2.1"]
[White "Ding, Liren"]
[Black "Gao, Rui"]
[Result "1-0"]
[WhiteElo "2717"]
[BlackElo "2468"]
[PlyCount "80"]
[EventDate "2014.??.??"]
[TimeControl "6000+1850"]
[WhiteClock "0:38:01"]
[BlackClock "0:30:31"]

1. Nf3 Nf6 2. c4 g6 3. d4 Bg7 4. g3 d5 5. cxd5 Nxd5 6. Bg2 Nb6 7. Nc3 Nc6 8. e3
O-O 9. O-O Re8 10. h3 a5 11. Rb1 Be6 12. Nd2 Nb4 13. a3 Nd3 14. Qe2 Nxc1 15.
Rbxc1 c6 16. Rfd1 Rb8 17. Nce4 Bd5 18. Nc5 Bxg2 19. Kxg2 Qc7 20. f4 Red8 21.
Nf3 Nd7 22. Ne4 Qb6 23. g4 Rbc8 24. g5 Qb3 25. h4 Qe6 26. Nf2 Nb6 27. e4 f5 28.
gxf6 exf6 29. Rc5 f5 30. Ng5 Qe7 31. e5 Rxd4 32. Rxc6 Rxf4 33. Rxc8+ Nxc8 34.
Qd2 Qxe5 35. Qd8+ Bf8 36. Qxc8 Qxb2 37. Qe6+ Kh8 38. Qe3 Rg4+ 39. Kh3 f4 40.
Rd8 Qf6 1-0

[Event "Open International de Cappelle-la-Grand"]
[Site "Cappelle-la-Grande"]
[Date "2014.03.02"]
[Round "2.2"]
[White "Vishnu Prasanna, V."]
[Black "Iturrizaga, Eduardo"]
[Result "1/2-1/2"]
[WhiteElo "2462"]
[BlackElo "2645"]
[PlyCount "45"]
[EventDate "2014.??.??"]
[TimeControl "6000+1605"]
[WhiteClock "0:32:56"]
[BlackClock "0:25:02"]

1. e4 c5 2. Nc3 e6 3. Nf3 Nc6 4. d4 cxd4 5. Nxd4 Qc7 6. Be3 Nf6 7. f4 Nxd4 8.
Qxd4 b6 9. e5 Ng4 10. Bg1 Bb7 11. O-O-O Rc8 12. Qd3 Bc6 13. Bd4 Nh6 14. Rg1 Nf5
15. Bf2 h5 16. Be2 b5 17. Kb1 Qb7 18. Bf3 Bxf3 19. gxf3 a6 20. Ne4 h4 21. Rd2
Bb4 22. c3 Be7 23. Rc1 1/2-1/2

[Event "Open International de Cappelle-la-Grand"]
[Site "Cappelle-la-Grande"]
[Date "2014.03.02"]
[Round "2.3"]
[White "Negi, Parimarjan"]
[Black "Barbosa, Evandro Amorim"]
[Result "1/2-1/2"]
[WhiteElo "2638"]
[BlackElo "2459"]
[PlyCount "73"]
[EventDate "2014.??.??"]
[TimeControl "6000+935"]
[WhiteClock "0:03:25"]
[BlackClock "0:04:44"]

1. e4 c5 2. Nf3 e6 3. d4 cxd4 4. Nxd4 Nc6 5. Nc3 Qc7 6. Be3 a6 7. Qd2 Nf6 8.
O-O-O Bb4 9. f3 O-O 10. g4 b5 11. g5 Nh5 12. a3 Be7 13. Nxc6 dxc6 14. Qf2 e5
15. Ne2 Be6 16. Qh4 g6 17. Bh3 Bxh3 18. Qxh3 Rfd8 19. Qg4 Qa5 20. Rxd8+ Rxd8
21. Rd1 Rxd1+ 22. Kxd1 Qc7 23. h4 a5 24. Kc1 Qb7 25. f4 exf4 26. Nxf4 Nxf4 27.
Bxf4 c5 28. Be5 Qc6 29. Qf4 b4 30. Bf6 Bd6 31. Qd2 c4 32. axb4 axb4 33. Qd4 Bf8
34. Qd5 Qc8 35. c3 b3 36. Kd2 Qc7 37. Be5 1/2-1/2

[Event "Open International de Cappelle-la-Grand"]
[Site "Cappelle-la-Grande"]
[Date "2014.03.02"]
[Round "2.4"]
[White "Sharif, Mehrshad"]
[Black "Gupta, Abhijeet"]
[Result "0-1"]
[WhiteElo "2444"]
[BlackElo "2630"]
[PlyCount "74"]
[EventDate "2014.??.??"]
[TimeControl "6000+1620"]
[WhiteClock "0:03:28"]
[BlackClock "0:08:58"]

1. d4 Nf6 2. c4 e6 3. Nf3 c5 4. d5 exd5 5. cxd5 d6 6. Nc3 g6 7. Bf4 Bg7 8. e3
O-O 9. h3 Re8 10. Nd2 Na6 11. Bxa6 bxa6 12. O-O a5 13. Re1 Ba6 14. Qc2 Rb8 15.
Rad1 Rb4 16. a3 Rb7 17. b3 Qb8 18. Rb1 Rd7 19. Nc4 Qd8 20. Red1 Nh5 21. Bh2 f5
22. Ne2 Rf8 23. a4 g5 24. Qd2 f4 25. exf4 Qf6 26. f5 Qxf5 27. Ng3 Nxg3 28. Bxg3
Bd4 29. Ne3 Qg6 30. Nc2 Bf6 31. Ne3 h5 32. Qxa5 Be2 33. Re1 h4 34. Bh2 Bd4 35.
Qd2 Bh5 36. f3 Re7 37. Kh1 Bxe3 0-1

[Event "Open International de Cappelle-la-Grand"]
[Site "Cappelle-la-Grande"]
[Date "2014.03.02"]
[Round "2.5"]
[White "Sumets, Andrey"]
[Black "Sergeev, Vladimir"]
[Result "1/2-1/2"]
[WhiteElo "2628"]
[BlackElo "2439"]
[PlyCount "95"]
[EventDate "2014.??.??"]
[TimeControl "6000+1235"]
[WhiteClock "0:16:58"]
[BlackClock "0:27:24"]

1. d4 Nf6 2. c4 e6 3. Nf3 b6 4. g3 Bb4+ 5. Bd2 Bxd2+ 6. Qxd2 Ba6 7. b3 c6 8.
Bg2 d5 9. O-O O-O 10. Rc1 Nbd7 11. a4 Qe7 12. Qb2 Qb4 13. Na3 Rfc8 14. Nc2 Qe7
15. Ne3 Rab8 16. a5 b5 17. cxd5 cxd5 18. Ne5 Bb7 19. Nc2 a6 20. Ne1 Qb4 21.
N5d3 Qe7 22. Nf3 Ne4 23. Nfe5 Nef6 24. b4 h6 25. Nc5 Nxc5 26. Rxc5 Nd7 27. Nxd7
Qxd7 28. Rac1 Rxc5 29. dxc5 Rc8 30. Rd1 Qc7 31. e3 Bc6 32. h4 Rd8 33. f4 Re8
34. Qe5 Qxe5 35. fxe5 Rd8 36. Rd4 Kf8 37. e4 Ke7 38. Kf2 f6 39. exd5 exd5 40.
exf6+ Kxf6 41. Ke3 Ke5 42. Bf3 g5 43. hxg5 hxg5 44. Be2 Rh8 45. Rg4 Kf5 46. Rd4
Ke5 47. Rg4 Kf5 48. Rd4 1/2-1/2

[Event "Open International de Cappelle-la-Grand"]
[Site "Cappelle-la-Grande"]
[Date "2014.03.02"]
[Round "2.6"]
[White "Nestorovic, Nikola"]
[Black "Ganguly, Surya Shekhar"]
[Result "0-1"]
[WhiteElo "2434"]
[BlackElo "2623"]
[PlyCount "126"]
[EventDate "2014.??.??"]
[TimeControl "6000+1445"]
[WhiteClock "0:03:25"]
[BlackClock "0:17:47"]

1. e4 e6 2. d4 d5 3. Nc3 Bb4 4. exd5 exd5 5. Bd3 c6 6. Nge2 Ne7 7. Ng3 O-O 8.
O-O Ng6 9. Nce2 Bd6 10. Nf5 Bxf5 11. Bxf5 Nd7 12. g3 Re8 13. Nc3 Ngf8 14. f4
Nf6 15. Qd3 Qb6 16. Bh3 Ne6 17. Ne2 c5 18. c3 cxd4 19. cxd4 Rac8 20. b3 Qc6 21.
f5 Nc7 22. Bg5 Qb5 23. Qxb5 Nxb5 24. Bxf6 Rxe2 25. Bxg7 Rcc2 26. Bf6 Rxh2 27.
Rac1 Nc3 28. Rxc2 Rxc2 29. Bg4 Bxg3 30. Be5 Ne4 31. f6 Bf2+ 32. Kh1 Be3 33. Bf5
h5 34. Bxe4 dxe4 35. Re1 Rc1 36. Rxc1 Bxc1 37. d5 Kf8 38. Kg2 Ke8 39. Kg3 Kd7
40. Kh4 Bd2 41. Kxh5 e3 42. Bf4 Bc1 43. Bg3 e2 44. Be1 Kd6 45. Kg4 Kxd5 46. Kf3
Bb2 47. Kxe2 Ke4 48. Bh4 Kf4 49. Kd3 a6 50. Kc4 Kg4 51. Be1 Bxf6 52. Kc5 Bh4
53. Bd2 Bg5 54. Bc3 Be3+ 55. Kd6 f5 56. Kc7 b6 57. Kb7 a5 58. b4 axb4 59. Bxb4
f4 60. a4 f3 61. Be1 Kh3 62. Kc6 Kg2 63. Bh4 Bg5 0-1

[Event "Open International de Cappelle-la-Grand"]
[Site "Cappelle-la-Grande"]
[Date "2014.03.02"]
[Round "2.7"]
[White "Danin, Alexandre"]
[Black "Stella, Andrea"]
[Result "1-0"]
[WhiteElo "2606"]
[BlackElo "2434"]
[PlyCount "107"]
[EventDate "2014.??.??"]
[TimeControl "6000+1065"]
[WhiteClock "0:01:15"]
[BlackClock "0:00:45"]

1. e4 c5 2. Nf3 Nc6 3. d4 cxd4 4. Nxd4 e5 5. Nb5 d6 6. N1c3 a6 7. Na3 Be7 8.
Nc4 b5 9. Ne3 Nf6 10. g3 h5 11. Bg2 h4 12. Ncd5 h3 13. Nxf6+ Bxf6 14. Bf3 Nd4
15. O-O O-O 16. Bh1 b4 17. Nd5 a5 18. c3 bxc3 19. bxc3 Ne6 20. Ba3 Ra6 21. Rb1
Nc7 22. Nb6 Nb5 23. Rxb5 Rxb6 24. Rxa5 Be6 25. Bb4 Qb8 26. Bf3 Qb7 27. Re1 Rd8
28. a3 Qc8 29. Qd3 Bg5 30. Be2 Kh8 31. f4 Bh6 32. f5 Bd7 33. Bf1 Bc6 34. Bxh3
Qb7 35. Bg2 Bb5 36. Qf3 Rc8 37. Kh1 Rbc6 38. Rd1 Qb6 39. Bf1 Bxf1 40. Qxf1 Rxc3
41. Bxc3 Rxc3 42. Rad5 Rc2 43. Rxd6 Qe3 44. R6d3 Qxe4+ 45. Qf3 Qxf3+ 46. Rxf3
e4 47. Rb3 Bd2 48. Rb8+ Kh7 49. Re8 e3 50. Re4 Kh6 51. h4 Kh5 52. Kg2 Bc1+ 53.
Kh3 Bd2 54. Re8 1-0

[Event "Open International de Cappelle-la-Grand"]
[Site "Cappelle-la-Grande"]
[Date "2014.03.02"]
[Round "2.8"]
[White "Velten, Paul"]
[Black "Vovk, Andrey"]
[Result "0-1"]
[WhiteElo "2429"]
[BlackElo "2605"]
[PlyCount "64"]
[EventDate "2014.??.??"]
[TimeControl "6000+920"]
[WhiteClock "0:43:22"]
[BlackClock "0:43:47"]

1. d4 Nf6 2. Nf3 g6 3. c4 Bg7 4. Nc3 O-O 5. e4 d6 6. Be3 c5 7. d5 b5 8. cxb5 a6
9. a4 Nbd7 10. h3 Qa5 11. Nd2 Nb6 12. Nb3 Qb4 13. a5 Nxe4 14. axb6 Nxc3 15.
bxc3 Bxc3+ 16. Nd2 Bxa1 17. Qxa1 f6 18. Bc4 Bb7 19. bxa6 Bxa6 20. Bxa6 Qxb6 21.
O-O Rxa6 22. Qe1 Kg7 23. Bf4 Qb7 24. Qe6 Ra4 25. Be3 Rd8 26. Rb1 Qd7 27. Kf1
Qxe6 28. dxe6 Rda8 29. Ke2 f5 30. g3 Kf6 31. Nf3 Ra2+ 32. Bd2 R8a3 0-1

[Event "Open International de Cappelle-la-Grand"]
[Site "Cappelle-la-Grande"]
[Date "2014.03.02"]
[Round "2.9"]
[White "Carmaciu, Lucian-Catalin"]
[Black "Kravtsiv, Martyn"]
[Result "1-0"]
[WhiteElo "2423"]
[BlackElo "2601"]
[PlyCount "71"]
[EventDate "2014.??.??"]
[TimeControl "6000+1200"]
[WhiteClock "0:01:55"]
[BlackClock "0:00:50"]

1. e4 e5 2. Nf3 Nc6 3. Bc4 Nf6 4. d3 Be7 5. O-O O-O 6. Re1 d6 7. h3 Na5 8. Nc3
Kh8 9. a4 c5 10. Ng5 Nxc4 11. dxc4 h6 12. Nf3 Nh7 13. Nd2 f5 14. exf5 Bxf5 15.
Nde4 Qd7 16. b3 Rf7 17. Ng3 Be6 18. Nce4 Raf8 19. Be3 Nf6 20. Qd3 Nxe4 21. Nxe4
Bxh3 22. gxh3 Qxh3 23. Qf1 Qh4 24. Qg2 Rf3 25. Bd2 g5 26. Re3 g4 27. Rae1 R8f4
28. Rd3 Rf5 29. Qh2 Rh3 30. Rxh3 gxh3 31. Qg3 Qh5 32. Re3 Rf4 33. f3 Rf8 34.
Kh2 Bh4 35. Qxh3 Rg8 36. Re2 1-0

[Event "Open International de Cappelle-la-Grand"]
[Site "Cappelle-la-Grande"]
[Date "2014.03.02"]
[Round "2.10"]
[White "Fier, Alexandr"]
[Black "Kristiansen, Jens"]
[Result "1-0"]
[WhiteElo "2595"]
[BlackElo "2419"]
[PlyCount "67"]
[EventDate "2014.??.??"]
[TimeControl "6000+960"]
[WhiteClock "0:48:33"]
[BlackClock "0:02:01"]

1. d4 g6 2. c4 Bg7 3. e4 d6 4. Nc3 Nd7 5. Be2 e5 6. Nf3 Ngf6 7. O-O O-O 8. Be3
c6 9. d5 Ng4 10. Bg5 f6 11. Bd2 Qe7 12. Qc1 f5 13. b4 Ndf6 14. exf5 gxf5 15.
dxc6 e4 16. cxb7 Bxb7 17. Nh4 e3 18. fxe3 Qe5 19. g3 Ne4 20. Nxe4 Bxe4 21. Qa3
Rae8 22. Rae1 Bh6 23. Qb3 Qg7 24. c5+ d5 25. Bf3 Qe5 26. Bc3 Qe6 27. Bd4 Bg5
28. Ng2 Bxf3 29. Rxf3 Qe4 30. Ref1 Bf6 31. Bxf6 Rxf6 32. Rf4 Qe6 33. e4 fxe4
34. Rxg4+ 1-0

[Event "Open International de Cappelle-la-Grand"]
[Site "Cappelle-la-Grande"]
[Date "2014.03.02"]
[Round "2.11"]
[White "Lazarev, Vladimir"]
[Black "Vorobiov, Evgeny E"]
[Result "0-1"]
[WhiteElo "2422"]
[BlackElo "2590"]
[PlyCount "134"]
[EventDate "2014.??.??"]
[TimeControl "6000+835"]
[WhiteClock "0:01:03"]
[BlackClock "0:02:34"]

1. d4 Nf6 2. c4 e6 3. Nc3 Bb4 4. Qc2 c5 5. dxc5 Qc7 6. a3 Bxc5 7. Nf3 a6 8. e3
b6 9. Bd3 Bb7 10. b3 Be7 11. Bb2 d6 12. Ne4 Nbd7 13. Nxf6+ Bxf6 14. Bxf6 gxf6
15. Be4 d5 16. cxd5 Qxc2 17. Bxc2 Bxd5 18. e4 Bb7 19. O-O-O Rc8 20. Rhe1 Ke7
21. Kb2 Rc7 22. Nd4 Rg8 23. g3 h5 24. h4 Ne5 25. f4 Ng4 26. Rd2 Nh6 27. Re3 Rd8
28. Nf3 Ng4 29. Ree2 Rdc8 30. Nd4 a5 31. Nb5 Rc5 32. a4 Ba6 33. Bd3 Rd8 34. Bc4
Ne3 35. Rxd8 Nxc4+ 36. bxc4 Kxd8 37. Kb3 Ke7 38. Re3 Rc8 39. Re1 Rg8 40. Re3
Rd8 41. Nc7 Bb7 42. Nb5 Rd1 43. e5 fxe5 44. fxe5 Rb1+ 45. Ka3 Bc6 46. Rc3 Bd7
47. Re3 f6 48. exf6+ Kxf6 49. Nc3 Rb4 50. c5 Bc6 51. cxb6 Rxb6 52. Rd3 Ke5 53.
Rd8 Rb4 54. Rc8 Bd5 55. Nxd5 exd5 56. Rh8 d4 57. Rxh5+ Ke4 58. Rxa5 d3 59. Kxb4
d2 60. Rg5 d1=Q 61. a5 Qd3 62. Kc5 Qa6 63. Kb4 Qc6 64. Rc5 Qb7+ 65. Kc4 Qa6+
66. Rb5 Qc6+ 67. Rc5 Qa4+ 0-1

[Event "Open International de Cappelle-la-Grand"]
[Site "Cappelle-la-Grande"]
[Date "2014.03.02"]
[Round "2.12"]
[White "Vazquez Igarza, Renier"]
[Black "Terrieux, Kevin"]
[Result "1/2-1/2"]
[WhiteElo "2577"]
[BlackElo "2418"]
[PlyCount "82"]
[EventDate "2014.??.??"]
[TimeControl "6000+1595"]
[WhiteClock "0:45:20"]
[BlackClock "0:33:14"]

1. Nf3 Nf6 2. c4 b6 3. g3 Bb7 4. Bg2 g6 5. O-O Bg7 6. d4 O-O 7. Re1 e6 8. b3 c5
9. Bb2 d6 10. Nc3 Ne4 11. Qd3 Nxc3 12. Bxc3 cxd4 13. Nxd4 Bxg2 14. Kxg2 d5 15.
Red1 dxc4 16. Qxc4 Qc8 17. Qxc8 Rxc8 18. Rac1 Na6 19. Nb5 Bxc3 20. Nxc3 Rc5 21.
Ne4 Rxc1 22. Rxc1 Rd8 23. a3 Kg7 24. b4 Rd7 25. Rc8 Nc7 26. Nd6 Rxd6 27. Rxc7
a6 28. Ra7 b5 29. f4 Rc6 30. Kf2 h5 31. h3 Kf6 32. e3 e5 33. Kf3 exf4 34. gxf4
Ke6 35. Ke4 Rd6 36. Kf3 f5 37. Ke2 Kf6 38. Rc7 Ke6 39. Rc5 Kf6 40. h4 Ke6 41.
Rc7 Kf6 1/2-1/2

[Event "Open International de Cappelle-la-Grand"]
[Site "Cappelle-la-Grande"]
[Date "2014.03.03"]
[Round "3.1"]
[White "Ding, Liren"]
[Black "Papin, Vasily"]
[Result "1/2-1/2"]
[WhiteElo "2717"]
[BlackElo "2515"]
[PlyCount "47"]
[EventDate "2014.??.??"]
[TimeControl "6000+1380"]
[WhiteClock "0:28:53"]
[BlackClock "0:29:25"]

1. d4 Nf6 2. c4 e6 3. Nf3 b6 4. g3 Ba6 5. Qc2 c5 6. d5 exd5 7. cxd5 g6 8. Nc3
Bg7 9. Bg2 O-O 10. O-O d6 11. Bf4 b5 12. Ng5 Nh5 13. Ne6 fxe6 14. dxe6 Nxf4 15.
gxf4 b4 16. Nd1 Nc6 17. Bxc6 Rb8 18. Qe4 Qe7 19. Ne3 Bc8 20. f5 Kh8 21. Bd5
Qg5+ 22. Qg2 Qxg2+ 23. Kxg2 gxf5 24. Rad1 1/2-1/2